cohdb
Replays
Latest Replays
All Replays
Popular Replays
Top Player Replays
Match Explorer
How It Works
Community
CoH3 Stats
Reddit
Sign in to upload your games and track your stats! →
Sign in with Steam
Match 43807963
Unlisted
Match 43807963
Overview
Messages
Build Orders
End
Construct Section Command Post
Vickers Machine Gun Team
Selects Indian Artillery Battlegroup
Dingo Light Scout Car
Infantry Section
Infantry Section
Infantry Section
Grenade Package
Construct Field Infirmary
Selects Towed ML 4.2-inch Heavy Mortar
Selects War Cry
Construct Platoon Command Post
Towed ML 4.2-inch Heavy Mortar
Unlock M3 Stuart Light Tanks
Selects Off-map Airburst Barrage
Construct Company Command Post
6-pounder Anti-tank Gun Team
Selects Gurkha Rifles Section
Unlock M3 Grant Medium Tanks
Off-map Airburst Barrage
CMP 15cwt Truck
M3 Grant Medium Tank
pcab123
gkstjq1010
austinZeroThree
Lilfuture
0
0
Comments
sign in to comment!
No comments posted yet!